Unix NetHack Version 5.0.0-0 post-release - last build May 23 2026 06:08:33 (1c0ff79ee797540d5714e4e18072db0edd9e58ae,branch:main).

Game began 2026-05-23 09:42:17, ended 2026-05-23 09:58:53.

Atomicjoy, chaotic male elven Wizard

                                                            ----------------
               ------                                       |..............|
           ####-....|         ----------------              |........@.....|
  -------  )   |....|         |..............|              |........:(f...|
  |....(| ##   |.`...#        ...............|              |.>.......f....|
  |.....| #    ------#        |..............|              ----------|-----
  |.....| #          #        |..............|                     ####
  |.<...| #          #        ---------|------                     #
  |.....-##          #                 ########                    #
  -------            #                        #                    #
                     #                        #                    #
                    ##                        #                    #
                    #-----             -------.-          #########
                    #|...|#            |%....{.|      ----.-----
                    #|...|####`        |.>...."|      |........|
                    #.....#   #########.........#     |........|
                     |.`.|             ---------######.........|
                     -----                            ----------

Atomicjoy the Conjurer    St:7 Dx:12 Co:12 In:17 Wi:15 Ch:10  Chaotic
Dlvl:4  $:52 HP:0(20) Pw:23(23) AC:8  Xp:3 T:1436  Burdened

Latest messages:
 This gecko corpse is gamey.
 You finish eating the gecko corpse.
 You stop.  Your housecat is in the way!
 You stumble into a spider web!
 You are stuck to the web.
 You are stuck to the web.
 You are stuck to the web.
 You disentangle yourself.
 You swap places with your housecat.
 You swap places with your housecat.
 You see here 13 gold pieces.
 You have a little trouble lifting $ - 13 gold pieces (52 in total).
 You swap places with your housecat.
 You swap places with your housecat.
 You hear the footsteps of a guard on patrol.
 The door opens.
 The iguana bites!
 The kitten bites!
 You swap places with your housecat.
 The housecat bites it.
 The housecat bites it.
 The housecat is splashed by its acid!
 The housecat bites the kitten.
 The kitten misses the housecat.
 The housecat bites the kitten.
 You swap places with your housecat.
 The kitten bites!
 The kitten bites!
 What do you want to throw? [$rsuwG or ?*] h
 In what direction? 8
 The flagon crashes on the kitten's head and breaks into shards.
 The potion of sleeping evaporates.
 The kitten falls asleep.
 What do you want to throw? [$rsuwG or ?*] <enter>
 Never mind.
 In what direction? 9
 The door resists!
 In what direction? 9
 The door resists!
 The kitten bites!
 What do you want to throw? [$rsuwG or ?*] H
 In what direction? 9
 The kitten seems more amiable.
 Your kitten devours a fortune cookie.
 You swap places with your kitten.
 You see here a tin opener.
 The iguana bites!
 The iguana bites!
 You die...
 Do you want your possessions identified? [ynq] (y) q

Inventory:
 Coins    ('$')
  $ - 52 gold pieces
 Weapons  (')')
  s - 6 +0 crossbow bolts
  w - 5 cursed -1 darts
  G - a +0 dagger
  u - a +2 orcish dagger
  r - a +0 orcish dagger (alternate weapon; not wielded)
  a - a blessed +1 quarterstaff (weapon in hands)
 Armor    ('[')
  v - an uncursed +0 orcish helm (being worn)
  b - an uncursed +0 cloak of magic resistance (being worn)
 Comestibles  ('%')
  B - an uncursed apple
  x - 5 uncursed food rations
  K - an uncursed lembas wafer
  y - an uncursed tripe ration
 Scrolls  ('?')
  i - a blessed scroll of confuse monster
  j - an uncursed scroll of confuse monster
  z - an uncursed scroll of destroy armor
  F - an uncursed scroll of enchant armor
  I - an uncursed scroll of enchant weapon
  J - a cursed scroll of enchant weapon
  k - 2 uncursed scrolls of light
 Spellbooks  ('+')
  m - an uncursed spellbook of detect monsters
  l - a blessed spellbook of force bolt
 Potions  ('!')
  C - an uncursed potion of blindness
  q - an uncursed potion of gain energy
  t - 3 uncursed potions of healing
  f - an uncursed potion of monster detection
  D - an uncursed potion of see invisible
  g - an uncursed potion of water
 Rings    ('=')
  e - an uncursed +1 ring of increase accuracy
  d - an uncursed ring of poison resistance
  A - an uncursed ring of searching
 Wands    ('/')
  c - a blessed wand of cancellation (0:5)
 Tools    ('(')
  p - an uncursed wooden flute
  o - an uncursed blindfold
  n - a magic marker (0:19)

Atomicjoy the Wizard's attributes:

Background:
 You were a Conjurer, a level 3 male elven Wizard.
 You were chaotic, nominally on a mission for Anhur
 who was opposed by Ptah (lawful) and Thoth (neutral).
 You were right-handed.
 You were in the Dungeons of Doom, on level 4.
 You entered the dungeon 1436 turns ago.
 You had 79 experience points, 1 more was needed to attain level 4.

Basics:
 You had 0 out of 20 hit points.
 You had all 23 energy points (spell power).
 Your armor class was 8.
 Your wallet contained 52 zorkmids.
 Autopickup was off.

Final Characteristics:
 Your strength was 7 (limit:18).
 Your dexterity was 12 (limit:18).
 Your constitution was 12 (limit:16).
 Your intelligence was 17 (limit:20).
 Your wisdom was 15 (limit:20).
 Your charisma was 10 (limit:18).

Final Status:
 You weren't hungry.
 You were burdened; movement was slightly slowed.
 You were wielding a quarterstaff.
 You had basic skill with quarterstaff.

Final Attributes:
 You were devoutly aligned.
 You were magic-protected.
 You had infravision.
 You were warded.
 You are dead.

Miscellaneous:
 You didn't encounter any bones levels.
 Total elapsed playing time was 16 minutes and 34 seconds.

Major events:
 Turn
    1: Atomicjoy the chaotic male elven Wizard entered the dungeon
  684: attained the rank of Conjurer (level 3)
 1436: killed by an iguana

Spells:
 Name                 Level Category     Fail Retention
 force bolt             1   attack         0%  91%-100%
 detect monsters        1   divination     0%  76%-100%

Skills:
 Fighting Skills
   bare handed combat [Unskilled]
   riding             [Unskilled]
 Weapon Skills
   dagger             [Unskilled]
   knife              [Unskilled]
   axe                [Unskilled]
   short sword        [Unskilled]
   club               [Unskilled]
   mace               [Unskilled]
   quarterstaff       [Basic]
   polearms           [Unskilled]
   spear              [Unskilled]
   trident            [Unskilled]
   sling              [Unskilled]
   dart               [Unskilled]
   shuriken           [Unskilled]
 Spellcasting Skills
   attack spells      [Basic]
   healing spells     [Unskilled]
   divination spells  [Unskilled]
   enchantment spells [Basic]
   clerical spells    [Unskilled]
   escape spells      [Unskilled]
   matter spells      [Unskilled]

Voluntary challenges:
 Character rerolling was not enabled.
 You were an atheist.
 You were illiterate.
 You never genocided any monsters.
 You never polymorphed an object.
 You never changed form.
 You used no wishes.
Achievement:
 You attained the rank of Conjurer.

 The Dungeons of Doom: levels 1 to 4
    Level 1:
    Level 2:
    Level 3:
    Level 4: <- You were here.
       A fountain.
       Final resting place for
          you, killed by an iguana.


Vanquished creatures:
  a shrieker
  3 orc zombies
 an iguana
  2 acid blobs
  a coyote
  a hobbit
  4 manes
  a giant rat
  2 cave spiders
  a red mold
  4 geckos
  4 jackals
  2 foxes
  2 kobolds
  3 goblins
  2 sewer rats
  4 grid bugs
  2 newts
40 creatures vanquished.

No species were genocided or became extinct.

Game over:
                       ----------
                      /          \
                     /    REST    \
                    /      IN      \
                   /     PEACE      \
                  /                  \
                  |    Atomicjoy     |
                  |      52 Au       |
                  |   killed by an   |
                  |      iguana      |
                  |                  |
                  |                  |
                  |       2026       |
                 *|     *  *  *      | *
        _________)/\\_//(\/(/\)/\//\/|_)_______

Goodbye Atomicjoy the Wizard...

You died in The Dungeons of Doom on dungeon level 4 with 513 points,
and 52 pieces of gold, after 1436 moves.
You were level 3 with a maximum of 20 hit points when you died.

